 Dungeon Crawl Stone Soup version 0.18.1-48-g4cf74bf (webtiles) character file.

78 Joat the Insei (level 4, -1/32 HPs)
             Began as an Octopode Monk on Aug 10, 2016.
             Shot with a stone by a goblin (2 damage)
             ... led by Robin
             ... on level 2 of the Dungeon.
             The game lasted 00:06:08 (1671 turns).

Joat the Insei (Octopode Monk)                      Turns: 1671, Time: 00:06:08

Health: -1/32      AC:  1    Str: 10    XL:     4   Next: 36%
Magic:  4/4        EV: 14    Int: 12    God:
Gold:   42         SH:  0    Dex: 15    Spells: 0 memorised, 3 levels left

rFire  . . .     SeeInvis .     f - +0 dagger (venom)
rCold  . . .     Gourm    .     (no shield)
rNeg   . . .     Faith    .     (helmet restricted)
rPois  .         Spirit   .     (no amulet)
rElec  .         Dismiss  .     (no ring)
rCorr  .         Reflect  .     (no ring)
SustAt .         Harm     .     (no ring)
MR     .....                    (no ring)
Stlth  +++.......               (no ring)
                                (no ring)
                                (no ring)
                                (no ring)

@: not resistant to hostile enchantments, fairly stealthy
A: almost no armour, amphibious, 8 rings, constrict 8, camouflage 1, gelatinous
body 1
a: no special abilities


You were on level 2 of the Dungeon.
You were not hungry.

You visited 1 branch of the dungeon, and saw 2 of its levels.

You collected 42 gold pieces.

Inventory:

Hand Weapons
 f - a +0 dagger of venom (weapon)
Scrolls
 c - 6 scrolls of identify {unknown}
 g - 3 scrolls of fear {unknown}
 h - a scroll of fog {unknown}
 i - 4 scrolls of remove curse {unknown}
 m - a scroll of recharging {unknown}
Potions
 b - 3 potions of flight {unknown}
 d - a potion of might {unknown}
 e - a potion of lignification {unknown}
 j - 2 potions of curing {unknown}
 l - a potion of haste {unknown}
Comestibles
 a - a bread ration


   Skills:
 + Level 3.6 Fighting
 + Level 3.7 Dodging
 - Level 2.6 Stealth
 + Level 4.7 Unarmed Combat


You had 3 spell levels left.
You didn't know any spells.

Dungeon Overview and Level Annotations

Branches:
Dungeon (2/15)

Altars:
Dithmenos
Nemelex Xobeh
Qazlal


Innate Abilities, Weirdness & Mutations

You cannot wear most types of armour.
You are amphibious.
You can wear up to eight rings at the same time.
You can use your tentacles to constrict eight enemies at once.
Your skin changes colour to match your surroundings (Stealth).
Your rubbery body absorbs attacks (AC +1).


Message History

an uncursed enchanted hunting sling; 13 sling bullets You start resting.
The goblin unwields an uncursed hunting sling.
The goblin completely misses you.
Things that are here:
an uncursed enchanted hunting sling; 13 sling bullets You barely miss the goblin.
Your grab misses the goblin. The goblin hits you.
* * * LOW HITPOINT WARNING * * *
You closely miss the goblin. Your grab misses the goblin. The goblin hits you.
* * * LOW HITPOINT WARNING * * *
You hit the goblin.
The goblin is poisoned.
Your grab misses the goblin. Your squeeze misses the goblin.
The goblin is moderately wounded.
The goblin closely misses you.
You miss the goblin. Your grab misses the goblin.
The goblin is moderately wounded.
The goblin completely misses you.
The goblin wields an uncursed hunting sling.
The goblin shoots a stone.
The stone hits you.
You die...

#.####### #.......# #.#####g# #.#
#.# #.#####@# #### #....##.# #...
# #.##.##.# #... #. #.##.##.#
#...
###.######.##.##.####...#####
.....g......................#####
.......).).......................
###)######)##.##.####....##'#####
# #(##.#######........#


You could see a goblin.

Vanquished Creatures
  Robin (D:2)
  An adder (D:2)
  An ooze (D:2)
  A worm (D:2)
  2 dart slugs (D:2)
  2 giant geckos (D:1)
  A ball python (D:1)
  4 bats
  13 goblins
  3 hobgoblins
  6 kobolds
  3 giant newts
  5 rats
43 creatures vanquished.

Notes
Turn   | Place    | Note
--------------------------------------------------------------
     0 | D:1      | Joat the Octopode Monk began the quest for the Orb.
     0 | D:1      | Reached XP level 1. HP: 16/16 MP: 1/1
    33 | D:1      | Found a sparkling altar of Nemelex Xobeh.
   189 | D:1      | Reached XP level 2. HP: 16/21 MP: 2/2
   835 | D:1      | Reached XP level 3. HP: 24/26 MP: 3/3
   971 | D:2      | Found a stormy altar of Qazlal.
  1129 | D:2      | Found a shadowy altar of Dithmenos.
  1539 | D:2      | Noticed Robin
  1553 | D:2      | Reached XP level 4. HP: 31/31 MP: 4/4
  1596 | D:2      | Killed Robin
  1667 | D:2      | HP: 1/32 [goblin[Robin] (4)]
  1671 | D:2      | Shot with a stone by a goblin

Action                   |  1- 3 |  4- 6 || total
-------------------------+-------+-------++-------
Melee: Unarmed           |     7 |       ||     7
       Dagger            |    49 |    18 ||    67
       Constrict         |    19 |     3 ||    22
       Tentacles         |     9 |     4 ||    13
       Punch             |     1 |       ||     1
 Stab: Sleeping          |    10 |       ||    10
  Eat: Chunk             |     2 |       ||     2
Armor: Skin              |     3 |     1 ||     4
Dodge: Dodged            |    23 |    12 ||    35
